 Dungeon Crawl Stone Soup version 0.28-a0-664-gc179e30c89 (webtiles) character file.

Game seed: 10784847421164809441

509 Sabo the Covered (level 7, 0/55 HPs)
             Began as a Formicid Fighter on Oct 15, 2021.
             Was a Believer of Qazlal.
             Slain by a phantom (1 damage)
             ... on level 5 of the Dungeon.
             The game lasted 00:23:32 (5128 turns).

Sabo the Covered (Formicid Fighter)                 Turns: 5128, Time: 00:23:32

Health: 0/55       AC:  7    Str: 22    XL:     7   Next: 42%
Magic:  7/7        EV: 10    Int:  7    God:    Qazlal [**....]
Gold:   134        SH:  8    Dex: 11    Spells: 6/6 levels left

rFire   . . .      SeeInvis +   o - +5 flail
rCold   . . .      Faith    .   c - +0 buckler
rNeg    . . .      Spirit   .   b - +0 scale mail
rPois   .          Reflect  .   (helmet unavailable)
rElec   .          Harm     .   (no cloak)
rCorr   .          Rampage  .   (no gloves)
Will    .....                   (no boots)
Stlth   ..........              u - amulet of the acrobat
HPRegen 0.18/turn               (no ring)
MPRegen 0.10/turn               (no ring)

@: no status effects
A: permanent stasis, dig shafts and tunnels, antennae 3, four strong arms
a: Dig, Shaft Self, Renounce Religion, Upheaval


You were on level 5 of the Dungeon.
You worshipped Qazlal.
Qazlal was pleased with you.
You visited 1 branch of the dungeon, and saw 5 of its levels.

You collected 134 gold pieces.

Inventory:

Hand Weapons
 a - a +0 war axe
 m - a +0 hunting sling
 o - a +5 flail (weapon)
 s - a +0 short sword of venom
 x - a +1 glaive of freezing
Missiles
 e - 2 throwing nets
 k - 37 arrows
 q - 3 javelins (quivered)
 v - 27 sling bullets
Armour
 b - a +0 scale mail (worn)
 c - a +0 buckler (worn)
 n - a +0 plate armour
Jewellery
 u - an amulet of the acrobat (around neck)
Scrolls
 g - 2 scrolls of silence
 h - a scroll of fear {unknown}
 t - a scroll of fog {unknown}
Potions
 d - a potion of magic {unknown}
 f - 2 potions of lignification {unknown}
 i - 2 potions of curing
 l - a potion of mutation {unknown}
 p - a potion of heal wounds {unknown}
 r - a potion of resistance {unknown}
 w - a potion of cancellation {unknown}


   Skills:
 + Level 4.3 Fighting
 + Level 4.5(4.9) Axes
 + Level 2.6(3.9) Maces & Flails
 + Level 0.4 Throwing
 + Level 5.1 Armour
 + Level 0.6 Dodging
 + Level 0.4 Stealth
 + Level 4.5 Shields


You had 6 spell levels left.
You didn't know any spells.
Your spell library contained the following spells:

 Spells                   Type           Power      Damage    Failure   Level
 Magic Dart               Conj           0%         1d3       75%         1
 Scorch                   Fire           0%         2d5       86%         2
 Searing Ray              Conj           0%         2d4       86%         2
 Flame Wave               Conj/Fire      0%         3d3       100%        4
 Fulminant Prism          Conj/Hex       0%         3d6       100%        4
 Summon Cactus Giant      Summ           0%         N/A       100%        6


Dungeon Overview and Level Annotations

Branches:
Dungeon (5/15)             Temple (0/1) D:4

Altars:
Qazlal

Annotations:
D:5 Prince Ribbit


Innate Abilities, Weirdness & Mutations

You cannot be hasted, slowed, berserked, paralysed or teleported.
You can dig through walls and to a lower floor.
You have a pair of large antennae on your head. (SInv)
Your four strong arms can wield two-handed weapons with a shield.


Message History

The phantom hits you.
You closely miss the ice beast.
The ice beast is moderately wounded.
The ice beast hits you but does no damage.
You block the phantom's attack.
Prince Ribbit lets out a mournful croak.
Prince Ribbit blinks!
The ice beast hits you but does no damage.
You sock the ice beast!
The ice beast is severely wounded.
You block the phantom's attack. The ice beast hits you.
The ice beast freezes you!
You closely miss the ice beast.
The ice beast is severely wounded.
The phantom hits you but does no damage.
The ice beast hits you but does no damage.
You sock the ice beast!
You kill the ice beast!
Qazlal accepts your kill. The phantom hits you.
The phantom hits you but does no damage.
Your Armour skill increases to level 5!
You block the phantom's attack. Prince Ribbit misses you.
You hit Prince Ribbit.
Prince Ribbit is lightly wounded.
Prince Ribbit hits you. Prince Ribbit hits you!
* * * LOW HITPOINT WARNING * * *
The phantom closely misses you.
You sock Prince Ribbit!
Prince Ribbit is heavily wounded.
Prince Ribbit misses you. The phantom hits you.
* * * LOW HITPOINT WARNING * * *
Prince Ribbit barely misses you.
You thump Prince Ribbit!
Prince Ribbit is almost dead.
Prince Ribbit hits you.
* * * LOW HITPOINT WARNING * * *
The phantom hits you.
You die...

..... #........ ##
#.......# ..# ##........
..# # .
#.........##..#$# .#
........#.......## ..
>.......##........ ..
#........W@F...... ..
###......))°.......
#.####........###.......
.........#.....# ......#
#............## #......
###...#.......# #.....
.##.†......#..### .....
.......##..#....# ###..
.##..#####......#


You could see Prince Ribbit and a phantom.

Vanquished Creatures
  An ice beast (D:5)
  Blork the orc (D:4)
  A scorpion (D:5)
  2 hounds (D:4)
  An orc wizard (D:3)
  2 iguanas
  5 adders
  An adder skeleton (D:4)
  2 dart slugs
  18 orcs
  7 ball pythons
  3 bats
  9 endoplasms
  4 giant cockroaches
  3 goblins
  7 hobgoblins
  2 jackals (D:4)
  3 quokkas
  2 frilled lizards
  6 kobolds
  4 rats
84 creatures vanquished.

Vanquished Creatures (others)
  A plant (D:5)
1 creature vanquished.

Grand Total: 85 creatures vanquished

Notes
Turn   | Place    | Note
-------+----------+-------------------------------------------
     0 | D:1      | Sabo the Formicid Fighter began the quest for the Orb.
     0 | D:1      | Reached XP level 1. HP: 18/18 MP: 1/1
   257 | D:1      | Reached XP level 2. HP: 23/24 MP: 2/2
   785 | D:1      | Reached XP level 3. HP: 29/29 MP: 3/3
  1692 | D:2      | Noticed a golden eye
  1710 | D:2      | Noticed a great orb of eyes
  1712 | D:2      | Found a faded altar of an unknown god.
  1714 | D:2      | Noticed an eye of devastation
  1715 | D:2      | Noticed a great orb of eyes
  1723 | D:2      | Prayed at the altar of an unknown god.
  1723 | D:2      | Became a worshipper of Qazlal Stormbringer
  1723 | D:2      | Reached * piety under Qazlal
  2045 | D:3      | Reached XP level 4. HP: 20/37 MP: 4/4
  3167 | D:3      | Reached skill level 4 in Armour
  3264 | D:3      | Reached XP level 5. HP: 40/42 MP: 5/5
  3381 | D:3      | Reached ** piety under Qazlal
  3383 | D:3      | HP: 2/42 [poisoned by an orc]
  3827 | D:4      | Reached XP level 6. HP: 34/48 MP: 6/6
  4077 | D:4      | Found a staircase to the Ecumenical Temple.
  4085 | D:4      | Reached skill level 1 in Maces & Flails
  4458 | D:4      | Noticed Blork the orc
  4467 | D:4      | Killed Blork the orc
  4815 | D:5      | Entered Level 5 of the Dungeon
  4898 | D:5      | Reached XP level 7. HP: 38/54 MP: 7/7
  5105 | D:5      | Noticed Prince Ribbit
  5124 | D:5      | Reached skill level 5 in Armour
  5128 | D:5      | HP: 1/55 [Prince Ribbit (4)]
  5128 | D:5      | Slain by a phantom

Illustrated notes

Levels and vault maps discovered:
D:1:      evilmike_arrival_rings, layout_basic
D:2:      layout_basic, hellmonk_ecumenical_altar_watching_god
D:3:      layout_loops_corners
D:4:      layout_loops_ring, minmay_temple_entry_statues_pillars,
          kennysheep_generic_room_10, uniq_blork_the_orc
D:5:      layout_cave_pools, serial_shops, nicolae_stop_n_shop_2,
          serial_bayou_pond_a, uniq_prince_ribbit1, uniq_duvessa

Skill      XL: |  1  2  3  4  5  6  7 |
---------------+----------------------+-----
Axes           | 3 4 |  4.5
Armour         | 4 5 |  5.1
Shields        | 4 |  4.5
Fighting       | 4 |  4.3
Maces & Flails | 1 2 |  2.6
Throwing       | |  0.4
Dodging        | |  0.6
Stealth        | |  0.4

Action                   |  1- 3 |  4- 6 |  7- 9 || total
-------------------------+-------+-------+-------++-------
Melee: War axe           |    97 |    56 |       ||   153
       Flail             |       |    40 |    24 ||    64
Throw: Javelin           |       |     3 |       ||     3
 Abil: Dig               |    10 |     7 |       ||    17
  Use: Scroll            |     3 |     4 |       ||     7
       Potion            |       |     3 |       ||     3
Armor: Scale mail        |    54 |    30 |    12 ||    96
Dodge: Dodged            |    37 |    41 |    16 ||    94
Block: Buckler           |    24 |    28 |     9 ||    61

Table legend: (Time is in decaauts)
 A = Elapsed time spent in this place.
 B = Non-inter-level travel time spent in this place.
 C = Inter-level travel time spent in this place.
 D = Time resting spent in this place.
 E = Time spent auto-exploring this place.
 F = Levels seen in this place.
 G = Mean time per level.
                   A        B        C        D        E       F      G
               +--------+--------+--------+--------+--------+-----+--------+
         Total |   5213 |   5213 |      0 |   1643 |      0 |   5 | 1042.6 |
       Dungeon |   5213 |   5213 |      0 |   1643 |      0 |   5 | 1042.6 |
               +--------+--------+--------+--------+--------+-----+--------+

Top non-repeatable levels by time:
     D:3: 1614 daAuts
     D:1: 1258 daAuts
     D:4: 1205 daAuts
     D:2: 816 daAuts
     D:5: 320 daAuts
